 Dungeon Crawl Stone Soup version bcrawl-1.13.4 (webtiles) character file.

Game seed: 6968023453657221255

380 Felnil the Skirmisher (level 6, -5/44 HPs)
             Began as a Skeleton Fighter on Aug 19, 2019.
             Was an Initiate of Ashenzari.
             Slain by a sky beast (6 damage)
             ... on level 4 of the Dungeon.
             The game lasted 00:06:57 (3746 turns).

Felnil the Skirmisher (Skeleton Fighter)            Turns: 3746, Time: 00:06:57

Health: -5/44      AC:  6    Str: 25      XL:     6   Next: 46%
Magic:  0/6        EV:  8    Int:  4 (6)  God:    Ashenzari [......]
Gold:   298        SH:  9    Dex:  8      Spells: 5/5 levels left

rFire    . . .     SeeInvis .   a - +0 war axe
rCold    + . .     Gourm    .   c - +0 shield
rNeg     + + +     Faith    .   b - +0 scale mail
rPois    ∞         Spirit   +   (no helmet)
rElec    .         Reflect  .   (no cloak)
rCorr    +         Harm     .   (no gloves)
MR       .....                  (no boots)
Stlth    ..........             (no amulet)
HPRegen  0.14/turn              g - ring of resist corrosion
MPRegen  0.10/turn              i - ring of resist corrosion

@: no status effects
A: no food or potions, cold resistance 1, deterioration 1, negative energy
resistance 3, powered by death 1, torment resistance, unbreathing, magic shield,
sturdy frame 1, spell healing
a: Curse Item, Renounce Religion


You were on level 4 of the Dungeon.
You worshipped Ashenzari.
Ashenzari was noncommittal.
You were not hungry.

You visited 1 branch of the dungeon, and saw 4 of its levels.

You collected 298 gold pieces.

Inventory:

Hand Weapons
 a - a +0 war axe (weapon)
Armour
 b - a +0 scale mail (worn)
 c - a +0 shield (worn)
Jewellery
 g - a ring of resist corrosion (left hand)
 h - an uncursed ring of wizardry
 i - a ring of resist corrosion (right hand)
Scrolls
 d - 3 scrolls of teleportation
 e - a scroll of identify
 f - 2 scrolls of magic mapping
 j - a scroll of amnesia {unknown}
 k - a scroll of fear
 l - a scroll of fog {unknown}


   Skills:
 + Level 7.4 Fighting
 - Level 2.4 Axes
 - Level 3.2 Armour
 - Level 3.6 Shields


You had 5 spell levels left.
You didn't know any spells.
Your spell library contained the following spells:

 Spells                   Type           Power        Failure   Level  Hunger
 Confuse                  Hex            #.......     100%        3    N/A
 Dazzling Spray           Conj/Hex       #.....       100%        3    N/A
 Petrify                  Tmut/Erth      #.......     100%        4    N/A
 Yara's Violent Unravell  Hex/Tmut       #.........   100%        4    N/A
 Metabolic Englaciation   Hex/Ice        #.........   100%        5    N/A
 Mana Rupture             Conj/Hex       #.........   100%        7    N/A

Dungeon Overview and Level Annotations

Branches:
Dungeon (4/12)
 Temple: D:4-7

Altars:
Ashenzari
Cheibriados
Dithmenos
Elyvilon
Fedhas
Makhleb
Qazlal
The Shining One

Shops:
D:4 [


Innate Abilities, Weirdness & Mutations

You do not eat or drink.
You are immune to poison.
Your flesh is cold resistant. (rC+)
Your body sometimes deteriorates upon taking damage.
You are immune to negative energy. (rN+++)
You regenerate a little health from kills.
You are immune to unholy pain and torment.
You can survive without breathing.
When hurt, damage is shared between your health and your magic reserves.
Your movements are slightly less encumbered by armour. (ER -2)
Casting spells heals you.


Message History

You closely miss something. Something hits you. Something shocks you.
You block something's attack.
You miss something. Something hits you but does no damage.
You closely miss something. Something hits you but does no damage.
Your shield and scale mail prevent you from hitting something.
Something hits you. Something shocks you. Something hits you.
Something shocks you.
* * * LOW HITPOINT WARNING * * *
Your body deteriorates!
You feel dopey.
You closely miss something.
A sky beast appears from thin air!
Reactivating autopickup.
The sky beast hits you.
* * * LOW HITPOINT WARNING * * *
The sky beast shocks you.
* * * LOW HITPOINT WARNING * * *
Your body deteriorates!
You feel dopey. The sky beast hits you.
* * * LOW HITPOINT WARNING * * *
The sky beast shocks you.
You die...

######## ########
.......# .# #......#
......##.# #####.####.#
#....##.####...#.####.#
#............Y@....##.#
#....##.####...#.#.##.#
#....#...#######.#.##.#
#.∩.......# #.#.##.#
#....#...## #......# #
#....##.## ###.####
###.##.##.# #.....#
....##.##.# #.....#
##..##.##+## #.....#


You could see a sky beast.

Vanquished Creatures
  2 crimson imps
  3 orc wizards
  An orc priest (D:3)
  Terence (D:3)
  6 gnolls
  3 adders (D:3)
  3 worms
  A dart slug (D:2)
  4 leopard geckos
  11 orcs
  7 bats
  3 giant cockroaches
  2 goblins
  5 hobgoblins
  4 jackals (D:2)
  7 kobolds
  A quokka (D:2)
  3 frilled lizards
  7 rats
74 creatures vanquished.

Notes
Turn   | Place    | Note
-------+----------+-------------------------------------------
     0 | D:1      | Felnil the Skeleton Fighter began the quest for the Orb.
     0 | D:1      | Reached XP level 1. HP: 14/14 MP: 1/1
   344 | D:1      | Reached XP level 2. HP: 19/19 MP: 2/2
   694 | D:1      | Reached skill level 4 in Fighting
   964 | D:2      | Reached XP level 3. HP: 24/24 MP: 3/3
  1424 | D:2      | Reached XP level 4. HP: 28/30 MP: 4/4
  1502 | D:2      | Reached skill level 5 in Fighting
  2124 | D:3      | Found a burning altar of Makhleb.
  2195 | D:3      | Found a glowing golden altar of the Shining One.
  2224 | D:3      | Reached XP level 5. HP: 34/36 MP: 5/5
  2228 | D:3      | Reached skill level 6 in Fighting
  2357 | D:3      | Found a white marble altar of Elyvilon.
  2361 | D:3      | Found a shattered altar of Ashenzari.
  2534 | D:3      | Found a blossoming altar of Fedhas.
  2598 | D:3      | Found a stormy altar of Qazlal.
  2621 | D:3      | Noticed Terence
  2630 | D:3      | Killed Terence
  2935 | D:3      | Became a worshipper of Ashenzari the Shackled
  3326 | D:4      | Gained mutation: You regenerate a little health from kills.
                  | [Skeleton growth]
  3326 | D:4      | Reached XP level 6. HP: 22/42 MP: 2/6
  3345 | D:4      | Reached skill level 7 in Fighting
  3515 | D:4      | Found Reridul's Armour Emporium.
  3542 | D:4      | Found a shadowy altar of Dithmenos.
  3542 | D:4      | Found a snail-covered altar of Cheibriados.
  3733 | D:4      | Noticed a sky beast
  3746 | D:4      | HP: 1/44 [sky beast (3)]
  3746 | D:4      | Slain by a sky beast

Skill      XL: |  1  2  3  4  5  6 |
---------------+-------------------+-----
Fighting       | 4 5 6 7 |  7.4
Axes           | |  2.4
Armour         | |  3.2
Shields        | |  3.6

Action                   |  1- 3 |  4- 6 || total
-------------------------+-------+-------++-------
Melee: War axe           |    96 |   206 ||   302
  Use: Scroll            |       |     4 ||     4
Armor: Scale mail        |    38 |    83 ||   121
Dodge: Dodged            |    57 |    56 ||   113
Block: Shield            |    49 |   113 ||   162
